Map: Cosmic Sapphire

Players

A.I. 1 (Very Easy) - Winner!

  • Race: Terran Terran
  • Spawn Location: 11:00

trigger

  • Race: Protoss Protoss
  • League: Grandmaster
  • Spawn Location: 5:00

VOD

Have the link to the VOD?

Description

Time

  • Played on: Aug. 29, 2022, 2:43 p.m.
  • Length: 27:44
Show
View Real Time Build Order
Export as new Build Order

A.I. 1 (Very Easy) Terran - Winner!

Build Orders:  

Get SALT Encoding   

  12  0:00  SCV  
  13  0:13  SCV  
  14  0:18  Supply Depot  
  14  0:37  Refinery  
  14  0:42  Barracks  
  14  1:04  Supply Depot  
  14  1:11  Refinery  
  14  1:27  SCV  
  14  1:29  Marine  
  16  1:39  SCV  
  17  1:51  SCV  
  18  2:03  Marine, SCV  
  20  2:16  SCV  
  21  2:28  SCV  
  22  2:36  Marine  
  23  2:41  Orbital Command  
  23  5:39  SCV  
  23  5:50  Marine  
  23  5:51  SCV  
  23  5:53  Supply Depot  
  23  5:55  Factory  
  25  6:03  SCV  
  23  6:15  SCV  
  23  6:17  Supply Depot  
  24  6:23  Marine  
  25  6:27  SCV  
  26  6:39  SCV  
  27  6:42  Starport, Barracks Tech Lab  
  27  6:53  Command Center  
  27  7:00  Marine  
  28  7:20  Starport Tech Lab  
  28  7:33  Marauder  
  30  7:38  Raven  
  32  8:06  Marine, SCV  
  34  8:14  Refinery, SCV  
  30  8:21  Raven, SCV  
  33  8:27  Refinery  
  33  8:28  SCV  
  34  8:35  Hellion, SCV  
  37  8:42  SCV  
  38  8:50  SCV  
  39  8:57  SCV  
  40  9:03  Marauder  
  40  9:04  SCV  
  43  9:11  SCV  
  44  9:18  SCV  
  45  9:26  SCV  
  45  9:29  Supply Depot  
  46  9:32  Marauder  
  46  9:33  SCV  
  49  9:40  SCV  
  50  9:47  SCV  
  51  10:01  Hellion  
  53  10:32  Marine  
  54  10:55  Marine  
  54  10:56  Medivac  
  57  10:59  Supply Depot  
  49  11:14  Marine, Factory Tech Lab  
  48  11:26  Medivac  
  50  11:33  Marine  
  51  11:51  Marine  
  52  11:55  Raven  
  54  12:10  Marauder  
  56  12:29  Siege Tank  
  58  13:31  SCV  
  56  13:39  SCV  
  56  13:41  Raven  
  55  13:43  Marine  
  55  13:46  SCV  
  54  13:58  Command Center  
  54  14:02  Marine  
  55  14:20  Marine  
  56  14:56  Hellion  
  58  15:11  Marauder, SCV  
  61  15:19  SCV  
  62  15:26  Hellion, SCV  
  65  15:29  Refinery  
  65  15:30  Refinery  
  65  15:47  Siege Tank  
  68  16:49  Marine  
  60  17:07  Marine  
  61  17:25  Marine  
  62  17:35  Siege Tank  
  65  17:50  Marauder  
  67  18:11  Marine  
  68  19:35  Marine  
  69  19:53  Marine  
  70  20:03  Siege Tank  
  73  20:17  Command Center  
  69  20:24  Marine  
  63  20:41  Marine  
  64  20:52  Siege Tank  
  66  21:30  Marine  
  66  21:32  Refinery, SCV  
  64  21:38  Refinery  
  61  21:48  Marine  
  62  21:58  Siege Tank  
  65  23:47  Reaper  
  66  24:02  Ghost Academy  
  66  24:20  Marauder  
  62  24:40  Ghost  
  64  25:09  Ghost  
  66  25:38  Marine  
  67  25:55  Marine  
  68  26:13  Marine  
  69  26:31  Marine  
  70  26:49  Marine  
  71  27:07  Reaper  
  72  27:16  Command Center  
Show
View Real Time Build Order
Export as new Build Order

trigger Protoss 

Build Orders: 1 Gate Expand, Oracle Opening, Blink Stalkers 

Get SALT Encoding   

  12  0:00  Probe  
  13  0:12  Probe  
  14  0:18  Pylon  
  14  0:24  Probe (Chrono Boost)  
  15  0:37  Probe (Chrono Boost), Gateway  
  16  0:44  Probe (Chrono Boost)  
  16  0:46  Assimilator  
  17  0:51  Probe  
  18  1:03  Probe  
  19  1:15  Probe  
  20  1:21  Nexus  
  20  1:31  Cybernetics Core  
  20  1:34  Probe  
  20  1:39  Assimilator  
  21  1:46  Probe  
  22  1:50  Pylon  
  22  1:58  Probe  
  23  2:05  Adept (Chrono Boost)  
  25  2:10  Probe  
  25  2:13  Stargate  
  27  2:22  Probe (Chrono Boost)  
  27  2:24  Warp Gate  
  27  2:28  Adept  
  29  2:34  Probe (Chrono Boost)  
  29  2:36  Probe (Chrono Boost)  
  31  2:43  Probe x2 (Chrono Boost)  
  33  2:48  Probe (Chrono Boost)  
  33  2:49  Probe (Chrono Boost)  
  35  2:56  Oracle (Chrono Boost)  
  38  3:01  Probe x2  
  40  3:05  Pylon  
  40  3:13  Probe  
  40  3:14  Probe  
  40  3:16  Twilight Council  
  42  3:20  Gateway  
  42  3:25  Probe  
  42  3:26  Gateway  
  43  3:30  Probe  
  44  3:37  Probe  
  45  3:42  Probe  
  45  3:44  Pylon  
  45  3:47  Blink (Chrono Boost)  
  46  3:49  Probe  
  46  3:54  Probe  
  48  4:00  Nexus  
  48  4:02  Probe  
  49  4:08  Probe  
  50  4:12  Stalker  
  50  4:15  Stalker  
  54  4:19  Assimilator  
  54  4:21  Stalker, Assimilator  
  54  4:23  Probe  
  57  4:24  Probe  
  58  4:32  Robotics Facility  
  58  4:35  Probe  
  58  4:37  Stalker  
  61  4:40  Pylon  
  61  4:43  Probe  
  62  4:47  Forge  
  62  4:58  Probe x2  
  64  5:01  Stalker x2  
  64  5:02  Stalker  
  70  5:12  Probe x3 (Chrono Boost)  
  73  5:20  Observer  
  74  5:23  Robotics Bay  
  74  5:24  Probe (Chrono Boost)  
  74  5:27  Protoss Ground Weapons Level 1, Probe (Chrono Boost)  
  77  5:30  Probe (Chrono Boost)  
  77  5:34  Charge, Probe (Chrono Boost)  
  79  5:35  Probe (Chrono Boost)  
  79  5:39  Probe (Chrono Boost)  
  79  5:40  Probe (Chrono Boost), Gateway  
  79  5:41  Probe (Chrono Boost)  
  79  5:42  Gateway  
  82  5:45  Observer (Chrono Boost), Gateway  
  82  5:48  Probe  
  84  5:50  Probe  
  84  5:51  Shield Battery  
  84  5:54  Pylon  
  84  5:55  Pylon x2  
  85  6:11  Colossus (Chrono Boost)  
  85  6:12  Zealot  
  85  6:13  Zealot x2  
  45  21:13  Oracle (Chrono Boost)  
  48  21:18  Zealot x4  
  48  21:19  Zealot x2  
Tags
 
Add a new tag
Caveats
  • Supply blocks, unpowered buildings, or Contaminate may cause inaccurate times.
  • Supply counts are checked every 10 seconds.